[Event "*** Titled Tuesday Blitz"]
[Site "Chess.com"]
[Date "2021.02.09"]
[Round "6"]
[White "Ajedrez_con_German"]
[Black "Xeniya2005"]
[Result "1-0"]
[WhiteElo "2581"]
[BlackElo "2347"]
[TimeControl "180+1"]
[EndTime "11:08:20 PST"]
[Termination "Ajedrez_con_German won by resignation"]

1. c4 e5 2. g3 Nf6 3. Bg2 Be7 4. Nc3 O-O 5. e3 Nc6 6. Nge2 d6 7. O-O Bf5 8. d4 exd4 9. Nxd4 Nxd4 10. Qxd4 c6 11. b3 Qc7 12. Bb2 Rad8 13. Rad1 Rfe8 14. Qxa7 Nd7 15.
Qd4 Bf6 16. Qd2 Nc5 17. h3 Qa5 18. Ba1 h6 19. Kh2 Qc7 20. Ne2 Bxa1 21. Rxa1 Be4 22. Nc3 Bxg2 23. Kxg2 Qe7 24. Rad1 Kh7 25. Qc2+ g6 26.
Rd4 Rd7 27. Rfd1 Red8 28. Ne4 Ne6 29. R4d2 f5 30. Nc3 Qg5 31. Ne2 Nc5 32. Nf4 Qe7 33. h4 Ne4 34. Rd4 Qe5 35. Ne2 g5 36. hxg5 hxg5 37.
Nc3 Nxc3 38. Qxc3 g4 39. Qd3 Kg6 40. e4 f4 41. gxf4 Qxf4 42. e5+ Qf5 43. Rxg4+ 1-0

[Event "*** Titled Tuesday Blitz"]
[Site "Chess.com"]
[Date "2021.02.09"]
[Round "6"]
[White "manitodeplomo"]
[Black "BigAl"]
[Result "1-0"]
[WhiteElo "2627"]
[BlackElo "2468"]
[TimeControl "180+1"]
[EndTime "11:08:21 PST"]
[Termination "manitodeplomo won on time"]

1. d4 Nf6 2. c4 g6 3. Nc3 Bg7 4. e4 O-O 5. Be2 d6 6. Nf3 Bg4 7. Bg5 Nbd7 8. Qd2 e5 9. d5 Nc5 10. Qe3 h6 11. Bh4 a5 12. O-O Bd7 13. Nxe5 Nxd5 14.
Nxd5 Qxh4 15. Nxd7 Nxd7 16. Nxc7 Rad8 17. Nd5 Nc5 18. Rab1 Rfe8 19. f3 f5 20. g3 Qh3 21.
Nf4 Qxf1+ 22. Bxf1 fxe4 23. Nxg6 Kh7 24. Nf4 Rf8 25.
fxe4 Rde8 26. Bg2 Re5 27. b3 Rfe8 28. Rd1 Rd8 29. Rd5 Ree8 30. Qd2 1-0

[Event "*** Titled Tuesday Blitz"]
[Site "Chess.com"]
[Date "2021.02.09"]
[Round "6"]
[White "OlifantCZ"]
[Black "JSMastropiero"]
[Result "1-0"]
[WhiteElo "2279"]
[BlackElo "2400"]
[TimeControl "180+1"]
[EndTime "11:08:21 PST"]
[Termination "OlifantCZ won by resignation"]

1. c4 e5 2. g3 Nc6 3. Bg2 Bc5 4. Nc3 a6 5. e3 d6 6. Nge2 Ba7 7. O-O h5 8. h4 g5 9. hxg5 Qxg5 10. f4 Qg7 11. Qe1 Nge7 12. Nd5 Nxd5 13. cxd5 Ne7 14. fxe5 dxe5 15.
b3 h4 16. gxh4 Bh3 17. Qg3 Qxg3 18. Nxg3 Bxg2 19. Kxg2 O-O-O 20. Bb2 Rxh4 21. Bxe5 Rxd5 22. d4 Ng6 23. Bf6 Rh6 24. Rf3 c5 25. Rc1 Kd7 26.
e4 Rxd4 27. Rc2 Rd1 28. Nf5 Rhh1 29. Ng3 c4 30. Nxh1 Rg1+ 31. Kh2 cxb3 32. axb3 Nf8 33. Rd2+ Ke6 34. Bd4 Bb8+ 35. Kxg1 1-0

[Event "*** Titled Tuesday Blitz"]
[Site "Chess.com"]
[Date "2021.02.09"]
[Round "6"]
[White "paulrusan"]
[Black "noblerone"]
[Result "1/2-1/2"]
[WhiteElo "2247"]
[BlackElo "2408"]
[TimeControl "180+1"]
[EndTime "11:08:21 PST"]
[Termination "Game drawn by stalemate"]

1. e4 c5 2. b4 cxb4 3. Bb2 d5 4. exd5 Qxd5 5. d4 e6 6. Nf3 Nf6 7. Be2 Be7 8. O-O O-O 9. a3 bxa3 10. Nxa3 Nc6 11.
Nc4 Qd8 12. Nfe5 Bd7 13. Bf3 Nd5 14. Nxc6 Bxc6 15. Na5 Qb6 16. Ba3 Bxa3 17. Rxa3 Ne7 18. Nxc6 Nxc6 19. Bxc6 Qxc6 20. Qd3 h6 21. Rb1 Rfd8 22. h3 Rd7 23. Rab3 Rc8 24. c4 Qxc4 25. Qxc4 Rxc4 26. Rxb7 Rcxd4 27. g4 Rd1+ 28. Rxd1 Rxd1+ 29.
Kg2 Ra1 30. h4 g6 31. f4 Kg7 32. g5 hxg5 33. hxg5 a5 34. Ra7 a4 35. Kh2 a3 36.
Kg2 Kf8 37. Kf2 Ke8 38. Kg2 e5 39. fxe5 Re1 40. Rxa3 Rxe5 41. Rg3 Ke7 42. Kh3 Re4 43.
Rf3 Ke6 44. Kg3 Re5 45. Rf6+ Ke7 46. Kg4 Re4+ 47. Kg3 Re6 48. Rf4 f6 49. gxf6+ Rxf6 50. Rxf6 Kxf6 51. Kf4 g5+ 52. Kg4 Kg6 53. Kg3 Kf5 54.
Kf3 g4+ 55. Kg3 Kg5 56. Kg2 Kf4 57. Kf2 g3+ 58. Kg2 Kg4 59. Kg1 Kf3 60. Kf1 g2+ 61. Kg1 Kg3 1/2-1/2

[Event "*** Titled Tuesday Blitz"]
[Site "Chess.com"]
[Date "2021.02.09"]
[Round "6"]
[White "Kale36"]
[Black "chessmadara"]
[Result "0-1"]
[WhiteElo "2234"]
[BlackElo "2162"]
[TimeControl "180+1"]
[EndTime "11:08:21 PST"]
[Termination "chessmadara won by resignation"]

1. d4 Nf6 2. Nc3 d5 3. Bg5 g6 4. Qd2 Bg7 5. Bh6 O-O 6. h4 c5 7. Bxg7 Kxg7 8. O-O-O cxd4 9. Qxd4 Nc6 10. Qd2 d4 11. Nb5 e5 12. h5 Be6 13. hxg6 fxg6 14. Qh6+ Kg8 15. e3 Qa5 16. Na3 Bxa2 17. Nf3 Rf7 18.
Ng5 Re7 19. Bd3 e4 20. Bb5 d3 21. Nxh7 Nxh7 22. Qxg6+ Kh8 23. Bc4 Bxc4 24. Nxc4 Qc5 25.
cxd3 exd3 26. Qxd3 Ne5 27. Qc3 Qxc4 28. Qxc4 Nxc4 29. Rd4 Rc8 30. Kb1 Ne5 31. Rhd1 Nf6 32. Rd6 Nfg4 33. R1d2 Kg7 34. e4 Nc4 35. f3 Nxd2+ 36.
Rxd2 Ne3 37. Re2 Nc4 38. Rc2 b5 39. Ka2 Re6 40. b3 Ra6+ 41. Kb1 Na3+ 0-1

[Event "*** Titled Tuesday Blitz"]
[Site "Chess.com"]
[Date "2021.02.09"]
[Round "6"]
[White "Zhigalko_Sergei"]
[Black "Firouzja2003"]
[Result "0-1"]
[WhiteElo "2896"]
[BlackElo "3029"]
[TimeControl "180+1"]
[EndTime "11:08:22 PST"]
[Termination "Firouzja2003 won by checkmate"]

1. e4 e5 2. Nf3 Nc6 3. Bc4 Bc5 4.
b4 Bxb4 5. c3 Ba5 6. d4 d6 7.
Qb3 Qd7 8. O-O Bb6 9. Nbd2 Nf6 10. dxe5 dxe5 11. Ba3 Na5 12. Qc2 Nxc4 13. Nxc4 Qe6 14. Nfxe5 Bd7 15. Qb3 c5 16. Rad1 O-O 17. Rd6 Qe7 18.
Nxd7 Nxd7 19. Rfd1 Rfd8 20. h3 Bc7 21. R6d5 b6 22.
Qc2 Nf6 23. Rxd8+ Rxd8 24. f3 Rxd1+ 25. Qxd1 Qe6 26. Qd3 h6 27. Bc1 b5 28. Ne3 Qxa2 29. Qxb5 Qa1 30. Qb2 Qa4 31. Qc2 Qc6 32. Qd3 a5 33.
Nf5 Qe6 34. Qb5 Qe5 35. Be3 Qxc3 36. Qxc5 Qe1# 0-1

[Event "*** Titled Tuesday Blitz"]
[Site "Chess.com"]
[Date "2021.02.09"]
[Round "6"]
[White "boasovietica"]
[Black "Akhayan"]
[Result "1-0"]
[WhiteElo "2459"]
[BlackElo "2287"]
[TimeControl "180+1"]
[EndTime "11:08:23 PST"]
[Termination "boasovietica won by resignation"]

1. e4 e6 2. d4 d5 3. Nd2 Nc6 4. Ngf3 f5 5. exf5 exf5 6. Bb5 Nf6 7. O-O Be7 8. Ne5 Bd7 9. Bxc6 bxc6 10. Nb3 O-O 11. Bf4 Bd6 12. Re1 Ne4 13. f3 Nf6 14. Nd3 Nh5 15. Be5 Qh4 16. Qd2 Rae8 17. Nbc5 Bc8 18. Qf2 Qg5 19. Re2 f4 20. Rae1 Bxc5 21.
Nxc5 Rf7 22. Bxc7 Rxe2 23. Qxe2 Nf6 24. Bd6 h5 25. Qe5 Qg6 26. Ne6 Bxe6 27. Qxe6 Qxc2 28.
Bxf4 Qxb2 29. Be5 Qd2 30. Rb1 Qe3+ 31. Kh1 Nd7 32. h3 Qd3 33. Re1 Qd1 34. Rxd1 1-0

[Event "*** Titled Tuesday Blitz"]
[Site "Chess.com"]
[Date "2021.02.09"]
[Round "6"]
[White "johnathan113"]
[Black "XDPS"]
[Result "0-1"]
[WhiteElo "2607"]
[BlackElo "2745"]
[TimeControl "180+1"]
[EndTime "11:08:24 PST"]
[Termination "XDPS won on time"]

1. e4 e5 2. Nf3 Nc6 3. d4 exd4 4. Nxd4 Bc5 5. Nb3 Bb6 6. Nc3 Nge7 7. Qe2 O-O 8. Be3 Bxe3 9. Qxe3 a5 10. a4 d6 11.
O-O-O f5 12. exf5 Bxf5 13. h3 Nb4 14. Rd2 Kh8 15. g4 Bg6 16. f4 Bf7 17. f5 Ng8 18.
Kb1 Re8 19. Qf2 c6 20. Bg2 Qe7 21. Ne4 d5 22. Nec5 b6 23. Nd3 Nxd3 24. Rxd3 Qb4 25. Rd2 Rad8 26. g5 c5 27. h4 d4 28. h5 d3 29. g6 dxc2+ 30. Rxc2 Bxb3 31. h6 Bxc2+ 32. Kxc2 Qxa4+ 33. Kb1 Rd1+ 34. Rxd1 Qxd1+ 35. Ka2 Qa4+ 36. Kb1 Qd1+ 37. Ka2 Qd4 38. f6 Nxf6 39. gxh7 Qxf2 0-1

[Event "*** Titled Tuesday Blitz"]
[Site "Chess.com"]
[Date "2021.02.09"]
[Round "6"]
[White "louis198"]
[Black "davigator"]
[Result "1-0"]
[WhiteElo "2565"]
[BlackElo "2370"]
[TimeControl "180+1"]
[EndTime "11:08:24 PST"]
[Termination "louis198 won by resignation"]

1. d4 Nf6 2. c4 e6 3. Nc3 Bb4 4. Qb3 c5 5. e3 Nc6 6. Bd3 O-O 7.
Ne2 d5 8. cxd5 exd5 9. dxc5 Be6 10. Nd4 Qa5 11. Bd2 Qxc5 12. Nxe6 fxe6 13. O-O Rae8 14. Rac1 Qe7 15. a3 Bd6 16. h3 Bb8 17. Ne2 e5 18.
Bb5 Qd6 19. Bxc6 bxc6 20. Bb4 Qe6 21. Bxf8 Rxf8 22. Qb7 Rc8 23. Rfd1 Ne4 24. Rxd5 Rf8 25. Qxc6 Qf5 26. f3 Nf6 27. Rb5 Qg6 28. Qe6+ Kh8 29. Rc8 Rxc8 30. Qxc8+ Ng8 31. Rxb8 Qf7 32. Qxg8+ Qxg8 33. Rxg8+ Kxg8 34. f4 Kf7 35. Kf2 Ke6 36. g4 Kd5 37.
Kf3 g6 38. fxe5 Kxe5 39. Nc3 h6 40. e4 a6 41. Ke3 Kd6 42. Kd4 Ke6 43. e5 Ke7 44.
Ne4 Ke6 45. Nc5+ Kf7 46. Nxa6 1-0

[Event "*** Titled Tuesday Blitz"]
[Site "Chess.com"]
[Date "2021.02.09"]
[Round "6"]
[White "VALPARAISO37"]
[Black "olksuna"]
[Result "0-1"]
[WhiteElo "2467"]
[BlackElo "2685"]
[TimeControl "180+1"]
[EndTime "11:08:24 PST"]
[Termination "olksuna won on time"]

1. d4 Nf6 2. c4 e6 3. Nc3 Bb4 4. a3 Bxc3+ 5. bxc3 c5 6. e3 Nc6 7. Bd3 b6 8. e4 Ba6 9. e5 Ng8 10. Qg4 g6 11. h4 h5 12. Qe4 cxd4 13. cxd4 Qc7 14.
Bd2 Nge7 15. g4 hxg4 16. Qxg4 Nxe5 17. dxe5 Qxe5+ 18. Kf1 Qxa1+ 19. Kg2 Bb7+ 20. Nf3 Qf6 21. Be4 Bxe4 22. Qxe4 d5 23. cxd5 Nxd5 24. h5 Rxh5 25. Rxh5 gxh5 26. Ne5 Qf5 27. Qa4+ Kf8 28. Bh6+ Kg8 29.
Qc6 Rd8 30. Nd7 Qg6+ 31. Kh2 Qxh6 32. f4 Qxf4+ 33. Kh3 Qg4+ 34. Kh2 Qf4+ 35. Kh3 Qc7 36. Nf6+ Kh8 37. Qa4 Qc3+ 38. Kg2 Qb2+ 39. Kg1 Qxf6 40.
Qg4 Qa1+ 41. Kh2 Qb2+ 42. Qe2 Qxe2+ 43. Kh1 Qf2 0-1

[Event "*** Titled Tuesday Blitz"]
[Site "Chess.com"]
[Date "2021.02.09"]
[Round "6"]
[White "Atco84"]
[Black "rachidhuilda"]
[Result "0-1"]
[WhiteElo "2470"]
[BlackElo "2297"]
[TimeControl "180+1"]
[EndTime "11:08:24 PST"]
[Termination "rachidhuilda won on time"]

1. d4 Nf6 2. c4 c5 3. d5 b5 4. cxb5 a6 5. bxa6 g6 6. Nc3 Bg7 7. Nf3 O-O 8. g3 d6 9. Bg2 Nbd7 10. Rb1 Nb6 11. Nd2 Bxa6 12. O-O Qd7 13. Re1 Rfb8 14. b3 Bb7 15. e4 Ng4 16. Bb2 Ne5 17. Qc2 Ba6 18.
Bf1 Bxf1 19. Rxf1 e6 20. dxe6 fxe6 21. a4 c4 22. bxc4 Nbxc4 23. Nxc4 Nxc4 24. Bc1 Rc8 25. Rb3 Na5 26. Ra3 Nc4 27. Rb3 Ne5 28. Kg2 Rxa4 29.
Qd1 Rac4 30. Ne2 Rc2 31. Bf4 Ng4 32. h3 e5 33. Bg5 h6 34. Bc1 Nf6 0-1

[Event "*** Titled Tuesday Blitz"]
[Site "Chess.com"]
[Date "2021.02.09"]
[Round "6"]
[White "AttilaTurzo"]
[Black "jorquerino"]
[Result "1-0"]
[WhiteElo "2532"]
[BlackElo "2294"]
[TimeControl "180+1"]
[EndTime "11:08:25 PST"]
[Termination "AttilaTurzo won on time"]

1. d4 Nf6 2. Nf3 d6 3. Bg5 Nbd7 4. Nbd2 e5 5. e4 Be7 6. h3 h6 7. Be3 c6 8. a4 Qc7 9. Be2 Nf8 10. O-O Ng6 11. Re1 O-O 12. Bf1 Nf4 13. Kh2 Nh7 14. g3 Ng6 15. dxe5 dxe5 16. Nc4 Be6 17. c3 Rad8 18.
Qc2 b6 19. Ncd2 Ng5 20. Nxg5 Bxg5 21. Bxg5 hxg5 22. Nc4 Kh7 23. Ne3 Rh8 24. Nf5 Ne7 25. Be2 g6 26. Nxe7 Qxe7 27. Bg4 Kg7 28. Kg2 Bxg4 29. hxg4 Qe6 30. f3 Rd7 31. Rad1 Rhd8 32. b3 Rxd1 33. Rxd1 Rxd1 34. Qxd1 Qe7 35. Qd2 Qc5 36.
Qd3 a5 37. Qd2 Kf6 38. b4 1-0

[Event "*** Titled Tuesday Blitz"]
[Site "Chess.com"]
[Date "2021.02.09"]
[Round "6"]
[White "kai_nov"]
[Black "ecwinslow"]
[Result "0-1"]
[WhiteElo "2365"]
[BlackElo "2268"]
[TimeControl "180+1"]
[EndTime "11:08:25 PST"]
[Termination "ecwinslow won on time"]

1. d4 Nf6 2. c4 e6 3. Nc3 c5 4. d5 exd5 5. cxd5 d6 6. e4 g6 7. f3 Bg7 8. Bg5 h6 9. Be3 O-O 10. Qd2 a6 11. a4 Nbd7 12. Nh3 Ne5 13. Nf2 h5 14. Be2 Rb8 15. O-O Qc7 16. h3 Nh7 17.
Ra3 f5 18. f4 Nf7 19. Bd3 Nf6 20. Rc1 Re8 21. Kh1 Bd7 22. Raa1 b5 23. axb5 axb5 24. b4 c4 25. Bc2 fxe4 26. Ra7 Qc8 27. Rca1 Bf5 28.
R1a5 h4 29. Ne2 Nh5 30. Nd4 Bxd4 31. Bxd4 Ng3+ 32. Kg1 c3 33. Qe3 Qc4 0-1

[Event "*** Titled Tuesday Blitz"]
[Site "Chess.com"]
[Date "2021.02.09"]
[Round "6"]
[White "Bulldog167"]
[Black "Genghis_K"]
[Result "1-0"]
[WhiteElo "2847"]
[BlackElo "2919"]
[TimeControl "180+1"]
[EndTime "11:08:26 PST"]
[Termination "Bulldog167 won by checkmate"]

1. d4 Nf6 2. c4 g6 3. Nc3 Bg7 4. e4 d6 5. h3 O-O 6. Be3 e5 7. d5 Na6 8. g4 Nc5 9. f3 a5 10. Qd2 Bd7 11. Nge2 c6 12. Ng3 cxd5 13. cxd5 a4 14. h4 Qa5 15. h5 Rfc8 16. hxg6 fxg6 17.
g5 Ne8 18. Rb1 b5 19. Qh2 b4 20. Qxh7+ Kf8 21. Qxg6 bxc3 22. Kf2 c2 23. Rc1 Bb5 24. Nf5 Bxf1 25. Nxg7 Ke7 26. Rh7 Kd8 27. Nxe8 Ra7 28. Qxd6+ Rd7 29. Rxd7+ Nxd7 30. Nf6 Bb5 31. Nxd7 Qa6 32. Nb6+ Ke8 33. Qe6+ Kd8 34. Qxc8+ Qxc8 35. Nxc8 Kxc8 36. Rxc2+ Kd7 37. g6 Ke7 38. g7 Kf7 39. Rc7+ Kg8 40. Bh6 a3 41. Rc8+ Be8 42. Rxe8+ Kf7 43. g8=Q+ Kf6 44. Re6# 1-0

[Event "*** Titled Tuesday Blitz"]
[Site "Chess.com"]
[Date "2021.02.09"]
[Round "6"]
[White "Sanyura"]
[Black "djano"]
[Result "1-0"]
[WhiteElo "2646"]
[BlackElo "2473"]
[TimeControl "180+1"]
[EndTime "11:08:26 PST"]
[Termination "Sanyura won by resignation"]

1. e4 c5 2. Nf3 g6 3. d4 cxd4 4. Nxd4 Nc6 5. Nc3 Bg7 6. Be3 Nf6 7. Bc4 O-O 8. Bb3 Re8 9. O-O d6 10. h3 Na5 11. f4 Nxb3 12. axb3 b6 13. e5 dxe5 14.
fxe5 Nd5 15. Qf3 Be6 16. Rad1 Kh8 17. Nxe6 fxe6 18. Nxd5 exd5 19. Rxd5 Qc7 20. c4 Rf8 21. Qe4 Rxf1+ 22. Kxf1 Rf8+ 23. Kg1 Qc6 24. e6 Kg8 25. h4 Qe8 26. Rd7 Bf6 27. Bh6 Bg7 28. Bg5 Bf6 29. Qb7 Kg7 30. Bxf6+ Kxf6 31. Qxa7 Kxe6 32. Rd1 Qc6 33. Re1+ Kf5 34. Qxe7 Qc5+ 35. Qxc5+ bxc5 36. Rf1+ 1-0

[Event "*** Titled Tuesday Blitz"]
[Site "Chess.com"]
[Date "2021.02.09"]
[Round "6"]
[White "DvaHrasta"]
[Black "Spartakus1975"]
[Result "1-0"]
[WhiteElo "2426"]
[BlackElo "2567"]
[TimeControl "180+1"]
[EndTime "11:08:26 PST"]
[Termination "DvaHrasta won by resignation"]

1. c4 e5 2. g3 Nf6 3. Bg2 h6 4. Nf3 e4 5. Ng1 d5 6. cxd5 Qxd5 7. Nc3 Qe5 8. Nxe4 Nxe4 9. Qa4+ Nc6 10. Qxe4 Qxe4 11.
Bxe4 Bd7 12. Nf3 O-O-O 13. O-O f5 14. Bb1 g5 15. a3 Bg7 16. d3 Rhe8 17. e3 Na5 18. Ba2 Bb5 19. d4 Bxf1 20. Kxf1 Nc6 21. Bd2 Ne7 22. Be6+ Kb8 23. Bb4 f4 24. gxf4 gxf4 25.
exf4 Nd5 26. f5 Nxb4 27. axb4 Bxd4 28. Nxd4 Rxd4 29. b5 Rb4 30. Ra3 Rxb5 31. Bd7 Rbe5 32. Bxe8 Rxe8 33. Kg2 Rf8 34. Rf3 c5 35. Kg3 Kc7 36. Kg4 b5 37. f6 a5 38. Kh5 c4 39.
Kxh6 Kc6 40. Kg7 Ra8 41. f7 b4 42. f8=Q Rxf8 43. Rxf8 a4 44. h4 b3 45. Ra8 Kb5 46.
h5 c3 47. bxc3 b2 48. Rb8+ 1-0

[Event "*** Titled Tuesday Blitz"]
[Site "Chess.com"]
[Date "2021.02.09"]
[Round "6"]
[White "Heineccius"]
[Black "profofchess"]
[Result "1-0"]
[WhiteElo "2564"]
[BlackElo "2423"]
[TimeControl "180+1"]
[EndTime "11:08:26 PST"]
[Termination "Heineccius won by resignation"]

1. d4 Nf6 2. c4 e6 3. Nc3 Bb4 4.
Nf3 O-O 5. g3 b6 6. Bg2 Bb7 7.
d5 exd5 8. Nh4 Ne4 9. Qc2 d4 10. O-O dxc3 11. Bxe4 Bxe4 12. Qxe4 Nc6 13. Nf5 Qf6 14.
Rb1 Rae8 15. Qg4 c2 16. Ra1 Ne5 17. Qh5 Qg6 18. Qh3 Nxc4 19. Bf4 Rxe2 20. Rac1 Bd2 21.
Rxc2 Nd6 22. Bxd6 cxd6 23. Rxd2 Re5 24. Nxd6 Re6 25. Nf5 Rfe8 26. Ne3 h6 27. Rfd1 Qf6 28.
Qg2 Re4 29. b3 Qe6 30. Rxd7 a5 31. Rd8 Qe5 32. Rxe8+ Qxe8 33. Qf3 Qe5 34. Rd8+ Kh7 35. Qf5+ Qxf5 36. Nxf5 Re1+ 37. Kg2 Re2 38. a4 Rb2 39. Rd3 g6 40. Ne3 Kg7 41. Nc4 Rc2 42. Nxb6 1-0

[Event "*** Titled Tuesday Blitz"]
[Site "Chess.com"]
[Date "2021.02.09"]
[Round "6"]
[White "NikolasTheiss"]
[Black "IngOscarArdila"]
[Result "1-0"]
[WhiteElo "2328"]
[BlackElo "2157"]
[TimeControl "180+1"]
[EndTime "11:08:26 PST"]
[Termination "NikolasTheiss won on time"]

1. h4 h5 2. d4 d5 3. c4 c6 4. Nc3 Nf6 5. Qb3 e6 6. Bg5 Be7 7. e3 Nbd7 8. Nh3 Qb6 9. Nf4 Qxb3 10. axb3 Ng8 11. c5 Bxg5 12. hxg5 g6 13. Nd3 Ne7 14. f4 Nf5 15. Kf2 h4 16. b4 a6 17. b5 Ke7 18.
Be2 Ng3 19. Rh2 f6 20. Nb4 cxb5 21. Nxb5 fxg5 22. c6 bxc6 23. Nxc6+ Kf8 24. Nc7 Ne4+ 25.
Ke1 Bb7 26. Nxa8 Bxa8 27. Ne5 Nxe5 28. fxe5 Bb7 29. Bxa6 Bxa6 30. Rxa6 Kg7 31. Ra7+ Kh6 32. Re7 Rb8 33. g4 Rxb2 34. Rxb2 h3 35. Rb8 Nf6 36.
Rh8+ 1-0

[Event "*** Titled Tuesday Blitz"]
[Site "Chess.com"]
[Date "2021.02.09"]
[Round "6"]
[White "beto-betun"]
[Black "maxz1996"]
[Result "1-0"]
[WhiteElo "2187"]
[BlackElo "2117"]
[TimeControl "180+1"]
[EndTime "11:08:26 PST"]
[Termination "beto-betun won on time"]

1. d4 d5 2. Nf3 Nf6 3. g3 c5 4.
Bg2 Nc6 5. O-O Bf5 6. c4 e6 7.
cxd5 exd5 8. Nc3 Be7 9. dxc5 Bxc5 10. Bg5 d4 11. Na4 Be7 12. Rc1 O-O 13. Nc5 Qb6 14. Nxd4 Rfd8 15. Nxc6 bxc6 16. Nd3 Rac8 17. Qc2 c5 18. b3 h6 19. Bf4 Ne4 20. Be5 c4 21. bxc4 Nc5 22. Rfd1 Nxd3 23. exd3 Rd7 24. Be4 Bxe4 25.
dxe4 Rcd8 26. Rxd7 Rxd7 27. c5 Qc6 28. Qc4 Kf8 29.
f4 f6 30. Bb2 Rc7 31. Ba3 g5 32. fxg5 hxg5 33. Qd5 Kg7 34. Qxc6 Rxc6 35. Bb4 Kf7 36. Kf2 Ke6 37. Kf3 Ke5 38. h4 gxh4 39. gxh4 f5 40.
exf5 Bxh4 41. Kg4 Be7 42. Rd1 Bxc5 43. Rc1 1-0

[Event "*** Titled Tuesday Blitz"]
[Site "Chess.com"]
[Date "2021.02.09"]
[Round "6"]
[White "SergeiAza"]
[Black "LilRag"]
[Result "0-1"]
[WhiteElo "2750"]
[BlackElo "2609"]
[TimeControl "180+1"]
[EndTime "11:08:27 PST"]
[Termination "LilRag won by resignation"]

1. e4 c5 2. Nf3 e6 3. d4 cxd4 4.
Nxd4 Nc6 5. Nc3 Nf6 6. Ndb5 d6 7.
Bf4 e5 8. Bg5 a6 9. Na3 Be7 10.
Nc4 Be6 11. Bxf6 gxf6 12. Ne3 O-O 13. Bc4 Kh8 14. O-O Rc8 15. Bb3 Nd4 16. Ncd5 f5 17.
exf5 Nxf5 18. Nxf5 Bxf5 19. Ne3 Bg6 20. Qf3 e4 21.
Qh3 f5 22. f4 exf3 23. Qxf3 Bf6 24. c3 Be5 25. Rad1 Qh4 26. g3 Qg5 27. Be6 Rce8 28.
Bxf5 Bh5 29. g4 Bxh2+ 30. Kxh2 Rxe3 31. Qf2 Rxf5 32. gxf5 Bxd1 33. Rxd1 Qh5+ 34. Kg2 Qg4+ 0-1

[Event "*** Titled Tuesday Blitz"]
[Site "Chess.com"]
[Date "2021.02.09"]
[Round "6"]
[White "Korchmar_Vasiliy"]
[Black "Cambek64"]
[Result "1-0"]
[WhiteElo "2579"]
[BlackElo "2345"]
[TimeControl "180+1"]
[EndTime "11:08:27 PST"]
[Termination "Korchmar_Vasiliy won by resignation"]

1. e4 e6 2. d4 d5 3. exd5 exd5 4. Nf3 Nf6 5. Bd3 Bd6 6. Qe2+ Qe7 7. Qxe7+ Bxe7 8.
O-O O-O 9. Bg5 c6 10. Re1 Be6 11. Ne5 Re8 12. Nd2 Nbd7 13. f4 g6 14. c3 Nxe5 15.
fxe5 Nd7 16. Bxe7 Rxe7 17. Rf1 b6 18. a4 c5 19. a5 cxd4 20. cxd4 Rb8 21. a6 Rc8 22.
Rac1 Ree8 23. Nb1 Nb8 24. Nc3 Kf8 25. Nb5 Nxa6 26. Nd6 Rxc1 27. Rxc1 Nb4 28. Nxe8 Nxd3 29. Rc3 Kxe8 30. Rxd3 Kd7 31. Rc3 a5 32. Kf2 h5 33.
h4 a4 34. Ke3 Bf5 35. Kf4 Be4 36. g3 b5 37. Rc5 b4 38. Rb5 a3 39. bxa3 bxa3 40.
Ra5 Ke6 41. Rxa3 Ke7 42. Ra6 Bf5 43. Rd6 Be6 44. Kg5 f6+ 45. Kxg6 fxe5 46. dxe5 1-0

[Event "*** Titled Tuesday Blitz"]
[Site "Chess.com"]
[Date "2021.02.09"]
[Round "6"]
[White "ukchessbomber"]
[Black "DenishevM"]
[Result "1-0"]
[WhiteElo "2435"]
[BlackElo "2582"]
[TimeControl "180+1"]
[EndTime "11:08:28 PST"]
[Termination "ukchessbomber won by resignation"]

1. d4 Nf6 2. c4 c5 3. d5 b5 4.
cxb5 a6 5. bxa6 g6 6. Nc3 Bg7 7. e4 O-O 8. Nf3 Qa5 9. Bd2 Bxa6 10. a4 Qb4 11. Bxa6 Nxa6 12. e5 Ne4 13. Qc2 Nxd2 14.
Qxd2 Qc4 15. Qe2 Qxe2+ 16. Kxe2 d6 17. exd6 exd6 18. Nd2 Nc7 19. Nde4 Rfd8 20. Rhd1 f5 21. Ng3 Rab8 22. Ra2 Re8+ 23. Kf1 Rb3 24. Nge2 Ra8 25. h3 Na6 26. a5 Nb4 27. Ra3 Rxb2 28. Rb1 Rd2 29.
Nb5 Bf8 30. Nf4 Rc2 31. Nc7 Ra7 32. Nfe6 Be7 33. Re1 Rd2 34. Nb5 Kf7 35. Nxa7 Nxd5 36. Nc6 Nf4 37. Nxf4 1-0

[Event "*** Titled Tuesday Blitz"]
[Site "Chess.com"]
[Date "2021.02.09"]
[Round "6"]
[White "Bigfish1995"]
[Black "GoltsevDmitry2000"]
[Result "0-1"]
[WhiteElo "2974"]
[BlackElo "2732"]
[TimeControl "180+1"]
[EndTime "11:08:29 PST"]
[Termination "GoltsevDmitry2000 won by checkmate"]

1. e4 e6 2. f4 d5 3. e5 c5 4.
Nf3 Nc6 5. c3 Nge7 6. Na3 Nf5 7.
Nc2 Be7 8. d4 cxd4 9. cxd4 Qb6 10. Bd3 O-O 11. g4 Nh4 12. Nxh4 Bxh4+ 13. Kf1 f6 14. g5 fxg5 15. Kg2 g6 16. Rf1 Bd7 17.
Qg4 Rac8 18. Be3 Qxb2 19. Rab1 Qxa2 20. Rxb7 Nb8 21. Rc1 Rc3 22. Qd1 gxf4 23. Ra1 Qxa1 24. Nxa1 fxe3 25. Nc2 Rf2+ 26. Kh3 Be7 27. Rxb8+ Kf7 28.
Rb7 e2 29. Qd2 e1=Q 30. Qxe1 Rxd3+ 31. Kg4 h5# 0-1

[Event "*** Titled Tuesday Blitz"]
[Site "Chess.com"]
[Date "2021.02.09"]
[Round "6"]
[White "SkippingLaptop"]
[Black "ARTHURMOTIVATOR"]
[Result "0-1"]
[WhiteElo "2062"]
[BlackElo "2294"]
[TimeControl "180+1"]
[EndTime "11:08:29 PST"]
[Termination "ARTHURMOTIVATOR won on time"]

1. d4 Nf6 2. c4 c5 3. d5 g6 4. Nc3 Bg7 5. e4 d6 6. f3 O-O 7. Be3 e6 8. Qd2 exd5 9. cxd5 a6 10. a4 Nbd7 11. a5 Ne5 12. Na4 Nh5 13. Nb6 Rb8 14. Nxc8 Rxc8 15. Nh3 Qh4+ 16. Bf2 Qxh3 17. gxh3 Nxf3+ 18. Ke2 Nxd2 19. Kxd2 f5 20. exf5 Rxf5 21. Be3 Bxb2 22.
Rb1 c4 23. Bg2 c3+ 24. Kc2 Nf4 25. Bxf4 Rxf4 26. Rhf1 Rcf8 27. Rxf4 Rxf4 28. Kb3 Kg7 29. Rf1 Rxf1 30. Bxf1 Kf6 31. Be2 Ke5 32. Bg4 Kxd5 33. Bf3+ Kc5 34. Bxb7 Kb5 35. Bd5 g5 36. Be4 h6 37. Bd3+ Kxa5 38. Kc4 Kb6 39. Kd5 a5 0-1

[Event "*** Titled Tuesday Blitz"]
[Site "Chess.com"]
[Date "2021.02.09"]
[Round "6"]
[White "Homino"]
[Black "enriquetejedor"]
[Result "0-1"]
[WhiteElo "2305"]
[BlackElo "2541"]
[TimeControl "180+1"]
[EndTime "11:08:30 PST"]
[Termination "enriquetejedor won on time"]

1. e4 e5 2. Nf3 Nc6 3. Bb5 Nf6 4.
O-O Nxe4 5. d4 exd4 6. Re1 d5 7. Nxd4 Bd6 8. f3 Bxh2+ 9. Kxh2 Qh4+ 10. Kg1 Qf2+ 11.
Kh2 Qg3+ 12. Kg1 O-O 13. Bxc6 Qf2+ 14. Kh2 Qg3+ 15. Kg1 Nf2 16. Qe2 Nh3+ 17. Kh1 Nf2+ 18. Kg1 Nh3+ 19. Kh1 bxc6 20. Nc3 Nf2+ 21. Kg1 Nh3+ 22.
Kh1 Ba6 23. Qd2 Rfe8 24. Re3 Nf2+ 25. Kg1 Nh3+ 26. Kh1 Nf2+ 27. Kg1 Rxe3 28. Qxe3 Nh3+ 29. Kh1 Bf1 30. Qd2 Nf2+ 31. Qxf2 Qxf2 0-1

[Event "*** Titled Tuesday Blitz"]
[Site "Chess.com"]
[Date "2021.02.09"]
[Round "6"]
[White "andrzej"]
[Black "anon481216"]
[Result "1-0"]
[WhiteElo "2345"]
[BlackElo "2468"]
[TimeControl "180+1"]
[EndTime "11:08:30 PST"]
[Termination "andrzej won by resignation"]

1. e4 c5 2. Nc3 Nc6 3. Bb5 Nd4 4.
Nf3 e6 5. O-O a6 6. Bd3 Nc6 7.
Re1 d6 8. a3 Nf6 9. Rb1 Be7 10.
b4 O-O 11. bxc5 dxc5 12. e5 Nd5 13. Ne4 b5 14. Bb2 Bb7 15. g3 h6 16. Bf1 Nb6 17. d3 Qd7 18. Bg2 Nd4 19. Nxd4 cxd4 20. Qg4 Kh8 21. Bc1 Rfc8 22. Qh5 Bf8 23. Ng5 Kg8 24. Ne4 Rxc2 25. Bxh6 Bxe4 26. Rxe4 gxh6 27. Rg4+ Kh8 28. Bxa8 Nxa8 29. Qh4 Bg7 30. Rxd4 Qc6 31. Rd8+ Kh7 32.
Qe7 Qf3 33. Qa7 Nc7 34. Rd7 Bxe5 35. Rf1 Kg7 36. d4 Rxf2 37. Rxf2 Qd1+ 38. Kg2 1-0